 Dungeon Crawl Stone Soup version 0.21.1-1-g345015f (webtiles) character file.

23 shakethe the Skirmisher (level 3, -6/19 HPs)
             Began as a Vine Stalker Fighter on Feb 23, 2018.
             Mangled by Sigmund
             ... wielding a +0 scythe
              (8 damage)
             ... on level 2 of the Dungeon.
             The game lasted 00:01:02 (756 turns).

shakethe the Skirmisher (Vine Stalker Fighter)       Turns: 756, Time: 00:01:03

Health: -6/19      AC:  6    Str: 23    XL:     3   Next: 0%
Magic:  0/4        EV:  7    Int:  9    God:
Gold:   70         SH:  0    Dex: 13    Spells: 2/2 levels left

rFire    . . .     SeeInvis .   a - +0 rapier
rCold    . . .     Gourm    .   c - +0 shield
rNeg     . . .     Faith    .   b - +0 scale mail
rPois    .         Spirit   +   (no helmet)
rElec    .         Reflect  .   (no cloak)
rCorr    .         Harm     .   (no gloves)
MR       .....                  (no boots)
Stlth    ..........             (no amulet)
HPRegen  0.06/turn              (no ring)
MPRegen  0.09/turn              (no ring)

@: confused, mighty
A: fangs 2, magic shield, antimagic bite, no potion heal 3, rot immunity
a: no special abilities


You were on level 2 of the Dungeon.
You were not hungry.

You visited 1 branch of the dungeon, and saw 2 of its levels.

You collected 70 gold pieces.

Inventory:

Hand Weapons
 a - a +0 rapier (weapon)
Armour
 b - a +0 scale mail (worn)
 c - a +0 shield (worn)
Scrolls
 e - 2 scrolls of identify {unknown}
 g - a scroll of remove curse {unknown}
Comestibles
 f - 5 rations


   Skills:
 + Level 2.9 Fighting
 + Level 2.1 Short Blades
 + Level 2.6 Armour
 + Level 0.5 Dodging
 + Level 2.9 Shields


You had 2 spell levels left.
You didn't know any spells.

Dungeon Overview and Level Annotations

Branches:
Dungeon (2/15)

Altars:

Annotations:
D:2 Sigmund


Innate Abilities, Weirdness & Mutations

You have extremely sharp teeth.
When hurt, damage is shared between your health and your magic reserves.
Your bite disrupts and absorbs the magic of your enemies.
Potions cannot restore your health.
You are immune to rotting.


Message History

Found an escape hatch in the floor.
No target in view!
No target in view!
No target in view!
There is a stone staircase leading down here.
A goblin comes into view.
The goblin shouts!
You closely miss the goblin.
You kill the goblin!
No target in view!
No target in view!
No target in view!
No target in view!
No target in view!
No target in view!
No target in view!
A ball python comes into view.
The ball python hisses angrily.
The ball python bites you. The ball python grabs you.
The ball python constricts you.
You take 1 damage, and have 15/16 hp.
You hit the ball python.
You bite the ball python, but do no damage.
The ball python bites you but does no damage.
The ball python constricts you.
You puncture the ball python!
You kill the ball python!
No target in view!
No target in view!
No target in view!
You see here 17 arrows.
Done exploring.
No target in view!
Health restored: 16 No target in view!
No target in view!
Done exploring.
No target in view!
No target in view!
Done exploring.
Done exploring.
(D) Dungeon
Where to? (? - help)
You see here 17 arrows.
There is a stone staircase leading down here.
You climb downwards.
There is a stone staircase leading up here.
A ball python comes into view.
Found a stone staircase leading down.
You closely miss the ball python.
You bite the ball python, but do no damage.
You block the ball python's attack. The ball python barely misses you.
The ball python closely misses you. The ball python grabs you.
The ball python constricts you.
You take 1 damage, and have 15/16 hp.
Your shield and scale mail prevent you from hitting the ball python.
The ball python bites you but does no damage.
The ball python constricts you.
You hit the ball python. Your bite misses the ball python.
The ball python bites you but does no damage.
The ball python constricts you.
Your scale mail prevents you from hitting the ball python.
You block the ball python's attack. The ball python constricts you.
You block the ball python's attack. The ball python constricts you.
You take 1 damage, and have 14/16 hp.
You hit the ball python.
You kill the ball python!
You have reached level 3!
Your experience leads to an increase in your attributes!
Increase (S)trength, (I)ntelligence, or (D)exterity?
You feel clever.
You regained 3 hp, and now have 17/19 hp.
MP restored: 4 Sigmund the Dreaded comes into view.
He is wielding a scythe.
Sigmund shouts!
Sigmund gestures at you while chanting. The magic dart hits you!
You take 2 damage, and have 15/19 hp.
You now have 3/4 mp.
You feel very mighty all of a sudden. Sigmund casts a spell at you.
The puff of flame hits you!
You take 4 damage, and have 11/19 hp.
MASSIVE DAMAGE!!
Sigmund points at you and mumbles some strange words.
You are confused.
You bump into the rock wall.
Sigmund gestures at you while chanting. The magic dart hits you!
You take 3 damage, and have 9/19 hp.
You now have 2/4 mp.
You bump into the rock wall.
Sigmund hits you from afar with a scythe!
* * * LOW HITPOINT WARNING * * *
You take 7 damage, and have 2/19 hp.
MASSIVE DAMAGE!!
You now have 0/4 mp.
You bump into the rock wall.
Sigmund hits you with a scythe!
You die...

######.# #..@@..#
#.######
#.####.#############.
#>.....(.....<.......
######.......########
#####...# ##.## #.#
#.#


You could see Sigmund.

Vanquished Creatures
  3 dart slugs (D:1)
  A leopard gecko (D:1)
  A goblin (D:1)
  2 hobgoblins (D:1)
  2 ball pythons
  4 bats (D:1)
  2 kobolds (D:1)
  A rat (D:1)
16 creatures vanquished.

Notes
Turn   | Place    | Note
-------+----------+-------------------------------------------
     0 | D:1      | shakethe the Vine Stalker Fighter began the quest for the Orb.
     0 | D:1      | Reached XP level 1. HP: 11/11 MP: 2/2
   256 | D:1      | Reached XP level 2. HP: 16/16 MP: 3/3
   261 | D:1      | Reached skill level 2 in Short Blades
   746 | D:2      | Reached XP level 3. HP: 17/19 MP: 4/4
   749 | D:2      | Noticed Sigmund
   754 | D:2      | HP: 2/19 [Sigmund/scythe (7)]
   756 | D:2      | Mangled by Sigmund

Skill      XL: |  1  2 |
---------------+-------+-----
Short Blades   | 2 |  2.1
Fighting       | |  2.9
Armour         | |  2.6
Dodging        | |  0.5
Shields        | |  2.9

Action                   || total
-------------------------++-------
Melee: Rapier            ||    47
       Bite              ||     7
  Use: Potion            ||     1
Armor: Scale mail        ||    24
Dodge: Dodged            ||    16
Block: Shield            ||    23

Vault maps used:
D:1:      nzn_arrival_depleted_hourglass
D:2:      minmay_rat_gold_closets, uniq_jessica, uniq_sigmund

Table legend:
 A = Turns spent in this place as a percentage of turns spent in the entire game.
 B = Non-inter-level travel turns spent in this place as a percentage of non-inter-level travel turns spent in the entire game.
 C = Inter-level travel turns spent in this place as a percentage of turns spent in this place.
 D = Turns resting spent in this place as a percentage of non-inter-level travel turns spent in this place.
 E = Turns spent auto-exploring this place as a percentage of non-inter-level travel turns spent in this place.
 F = Non-inter-level travel turns spent in this place divided by the number of levels of this place that you've seen.
                   A       B       C       D       E      F
               +-------+-------+-------+-------+-------+----------------------
         Total | 100.0 | 100.0 |   1.3 |  17.2 |  67.6 | 373.0
       Dungeon | 100.0 | 100.0 |   1.3 |  17.2 |  67.6 | 373.0
               +-------+-------+-------+-------+-------+----------------------

Table legend:
 A = Kills in this place as a percentage of kills in entire the game.
 B = Kills by you in this place as a percentage of kills by you in the entire game.
 C = Kills by friends in this place as a percentage of kills by friends in the entire game.
 D = Other kills in this place as a percentage of other kills in the entire game.
 E = Experience gained in this place as a percentage of experience gained in the entire game.
 F = Experience gained in this place divided by the number of levels of this place that you have seen.
                   A       B       C       D       E      F
               +-------+-------+-------+-------+-------+----------------------
         Total | 100.0 | 100.0 |   N/A |   N/A | 100.0 |  17.0
       Dungeon | 100.0 | 100.0 |   N/A |   N/A | 100.0 |  17.0
               +-------+-------+-------+-------+-------+----------------------
